 Dungeon Crawl Stone Soup version 0.22.1-5-g62c59d9 (webtiles) character file.

47742 troglodite the Protected (level 14, -20/77 HPs)
             Began as a Demonspawn Berserker on Jan 3, 2019.
             Was an Elder of Trog.
             Killed from afar by a wretched star (22 damage)
             ... with an orb of energy
             ... on level 2 of the Abyss on Jan 8, 2019.
             The game lasted 00:57:21 (20182 turns).

troglodite the Protected (Demonspawn Berserker)    Turns: 20182, Time: 00:57:21

Health: -20/77     AC: 22    Str: 12 (14) XL:     14   Next: 9%
Magic:  0/9        EV:  4    Int:  4 (5)  God:    Trog [****..]
Gold:   1466       SH: 15    Dex: 15      Spells: 13/13 levels left

rFire    . . .     SeeInvis +   e - +5 demon blade of Tale {venom, +Blink Dex+2}
rCold    + . .     Gourm    .   I - +0 large shield
rNeg     . . .     Faith    .   O - +5 plate armour {rC+}
rPois    +         Spirit   +   (helmet unavailable)
rElec    .         Reflect  .   K - +2 cloak
rCorr    .         Harm     .   B - +2 pair of gloves
MR       +....     Rnd*Rage +   (no boots) Stlth ..........Rnd*Tele +
                                (no amulet)
HPRegen  0.00/turn              A - ring of poison resistance
MPRegen  0.22/turn              p - ring of see invisible

@: berserk cooldown, slowed, very slow
A: horns 3, [berserk 3], [blurry vision 3], [clumsy 2], [deformed body],
[deterioration 2], [dopey 2], [frail 3], [low mp 3], [screaming 3], [inhibited
regeneration], spiny 2, [teleportitis 3], [weak 2], magic shield, magic
regeneration, [no potion heal 3], [subdued magic 3]
a: Berserk, Trog's Hand, Brothers in Arms, Renounce Religion, Evoke Blink


You were on level 2 of the Abyss.
You worshipped Trog.
Trog was greatly pleased with you.
You were not hungry.

You visited 2 branches of the dungeon, and saw 15 of its levels.
You visited the Abyss 1 time.
You also visited: Bailey.

You collected 1682 gold pieces.
You spent 216 gold pieces at shops.

Inventory:

Hand Weapons
 e - the +5 demon blade of Tale (weapon) {venom, +Blink Dex+2}
   (Trog gifted it to you in a bailey)

   It poisons the flesh of those it strikes.
   It affects your dexterity (+2).
   It lets you blink.
 m - a +0 hunting sling of velocity
 s - a +2 fustibalus of freezing
 W - a +9 scimitar of flaming
Missiles
 C - 340 stones (quivered)
 D - 92 sling bullets
Armour
 B - a +2 pair of gloves (worn)
 E - a +2 scale mail of fire resistance
 I - a +0 large shield (worn)
 K - a +2 cloak (worn)
 N - the +2 cloak of the Thief {+Fog Slay-2 SInv Stlth+}
   (You found it on level 10 of the Dungeon)

   It affects your accuracy and damage with ranged weapons and melee attacks
   (-2).
   It lets you see invisible.
   It makes you more stealthy.
 O - a +5 plate armour of cold resistance (worn)
Jewellery
 a - an uncursed ring of stealth
 p - a ring of see invisible (right hand)
 A - a ring of poison resistance (left hand)
 Q - an uncursed ring of stealth
Wands
 i - a wand of flame (66)
 k - a wand of random effects (31)
 r - a wand of scattershot (5)
 F - a wand of digging (8)
 G - a wand of iceblast (1)
 J - a wand of polymorph (11)
 P - a wand of acid (7)
 R - a wand of disintegration (16)
 V - a wand of clouds (3)
Scrolls
 b - 2 scrolls of fear
 f - 3 scrolls of remove curse
 q - 4 scrolls of teleportation
 M - 2 scrolls of summoning {unknown}
 S - a scroll of brand weapon {unknown}
 U - 5 scrolls of blinking
Potions
 d - a potion of berserk rage
 h - 3 potions of mutation
 j - 2 potions of ambrosia
 l - 2 potions of agility
 n - 7 potions of curing
 t - 4 potions of lignification
 u - 2 potions of resistance
 v - 7 potions of heal wounds
 w - a potion of haste
 x - a potion of experience {unknown}
 z - 2 potions of brilliance
 H - a potion of invisibility
 L - a potion of might {unknown}
Comestibles
 c - 8 rations


   Skills:
 * Level 10.3 Fighting
   Level 3.5(7.1) Short Blades
 + Level 9.7(10.0) Long Blades
   Level 3.1 Maces & Flails
 * Level 7.0 Slings
 * Level 11.0 Armour
 * Level 8.9 Dodging
 + Level 2.5 Stealth
 * Level 9.4 Shields
 + Level 0.5 Unarmed Combat


You had 13 spell levels left.
You didn't know any spells.
Your spell library was empty.

Dungeon Overview and Level Annotations

Branches:
Dungeon (13/15)            Temple (0/1) D:6            Lair (0/6) D:9
    Orc (2/2) D:12            Elf (0/3) Orc:2
 Vaults: D:13-14

Altars:
Ashenzari
Dithmenos
Elyvilon
Gozag
Hepliaklqana
Nemelex Xobeh
Qazlal
Sif Muna
Trog
Uskayaw
Vehumet
Wu Jian
Yredelemnul
Zin
The Shining One

Shops:
D:6 %   D:10 ?   D:11 ?*?   Orc:2 =*(:[

Annotations:
Orc:2 Sonja


Innate Abilities, Weirdness & Mutations

You have a pair of large horns on your head.
You are mostly covered in sharp spines.
When hurt, damage is shared between your health and your magic reserves.
You regenerate magic rapidly.
[You have an uncontrollable temper.]
[Scrolls take you much longer to read.]
[You are very clumsy. (Dex -4)]
[Armour fits poorly on your strangely shaped body.]
[Your body often deteriorates upon taking damage.]
[You are very dopey. (Int -4)]
[You are extremely frail. (-30% HP)]
[Your magical capacity is extremely low. (-30% MP)]
[You frequently scream uncontrollably at your foes.]
[You do not regenerate when monsters are visible.]
[You are often teleported next to monsters.]
[You are very weak. (Str -4)]
[Potions cannot restore your health.]
[Your spells are much easier to cast, but much less powerful.]


Message History

You closely miss the wretched star.
The wretched star is moderately damaged.
The large abomination is struck by your spines.
The large abomination hits you!
Unknown command.
You eat one of the 9 rations.
That ration really hit the spot!
The large abomination hits you!
* * * LOW HITPOINT WARNING * * *
Your body deteriorates!
You feel dopey.
The large abomination is struck by your spines.
The large abomination hits you!!
* * * LOW HITPOINT WARNING * * *
Okay, then.
Okay, then.
You see here 28 sling bullets.
The wretched star pulses with an eldritch light!
An ice devil comes into view.
The wretched star glows turbulently.
The orb of energy hits you!
You die...

# .# .# #
##.# #.
...# # #.X
# #.. # ##
###4####..#
#..**.@.#
###.#####
#.....X...#
#.......#.#
#........
##........#
.........#
X.......###
.........#


You could see 2 wretched stars and an ice devil.

Vanquished Creatures
  2 tentacled starspawn (Abyss:2)
  Kirke (D:12)
  An orc warlord (Orc:2)
  Harold (D:9)
  Josephine (D:12)
  A great orb of eyes (Abyss:2)
  A rakshasa (D:13)
  A hydra (D:13)
  2 two-headed ogres
  A death knight (D:13)
  Erica (Orc:1)
  3 orc high priests
  A thrashing horror (Abyss:2)
  A wretched star (Abyss:2)
  A titan skeleton (Abyss:2)
  A soul eater (Abyss:2)
  A skeletal warrior (D:13)
  An unseen horror (D:13)
  9 orc knights
  A wizard (D:11)
  2 orc sorcerers (Orc:2)
  3 ugly things
  A manticore (D:11)
  A worldbinder (Abyss:2)
  3 cyclopes
  Maurice (D:11)
  A guardian serpent (Abyss:2)
  A gargoyle (D:11)
  A smoke demon (Abyss:2)
  A naga mage (Abyss:2)
  A demonic crawler (Abyss:2)
  2 trolls
  A merfolk (D:10)
  2 large abominations (Abyss:2)
  A raiju (Abyss:2)
  3 hippogriffs
  A meliai zombie (D:13)
  A shadow (D:13)
  A ynoxinul (Abyss:2)
  2 small abominations (Abyss:2)
  3 wyverns
  7 wraiths
  17 yaks
  A neqoxec (Abyss:2)
  2 vampire mosquitoes (D:13)
  2 steam dragons
  6 wargs
  A water moccasin (D:6)
  Duvessa (D:4)
  4 ice beasts
  A hornet zombie (D:12)
  3 black bears
  39 orc warriors
  3 sky beasts
  A phantom (D:11)
  A necrophage (D:9)
  9 ogres
  10 centaurs
  3 crocodiles
  2 big kobolds
  7 bullfrogs
  Dowan (D:4)
  4 scorpions
  A water moccasin skeleton (D:7)
  2 wyvern skeletons
  5 killer bees (D:8)
  4 wights
  2 crimson imps
  4 howler monkeys
  2 centaur zombies
  A quasit (Abyss:2)
  8 starcursed masses (Abyss:2)
  A bullfrog zombie (D:7)
  7 hounds
  3 bullfrog skeletons
  3 jellies
  12 orc priests
  3 centaur skeletons
  2 iguanas
  14 orc wizards
  13 worker ants
  2 ogre zombies (D:6)
  2 hound skeletons
  21 gnolls
  19 adders
  3 shadow imps
  4 worms
  2 dart slugs (D:1)
  4 leopard geckos (D:2)
  90 orcs
  5 ball pythons (D:3)
  13 bats
  3 giant cockroaches
  6 goblins
  3 hobgoblins
  4 jackals
  16 kobolds
  4 quokkas
  10 frilled lizards
  2 gnoll zombies (D:2)
  A jackal zombie (D:6)
  A leopard gecko skeleton (D:4)
  7 rats
  2 fungi (Orc:2)
  2 starspawn tentacles (Abyss:2)
503 creatures vanquished.

Vanquished Creatures (collateral kills)
  A two-headed ogre (D:10)
  Urug (D:13)
  An elephant (D:9)
  An efreet (D:13)
  A hippogriff (D:10)
  A wyvern (D:9)
  A basilisk (D:9)
  A yak (D:9)
  2 orc warriors
  An ogre (D:9)
  A crocodile (D:9)
  An orc wizard (D:13)
  18 orcs
31 creatures vanquished.

Vanquished Creatures (others)
  4 fungi (Orc:2)
  7 starspawn tentacles (Abyss:2)
11 creatures vanquished.

Grand Total: 545 creatures vanquished

Notes
Turn   | Place    | Note
-------+----------+-------------------------------------------
     0 | D:1      | troglodite the Demonspawn Berserker began the quest for the
                  | Orb.
     0 | D:1      | Reached XP level 1. HP: 18/18 MP: 1/1
   356 | D:1      | Gained mutation: When hurt, damage is shared between your
                  | health and your magic reserves. [demonic ancestry]
   356 | D:1      | Reached XP level 2. HP: 16/24 MP: 2/2
  1357 | D:2      | Reached skill level 2 in Armour
  1357 | D:2      | Gained mutation: You have a pair of small horns on your
                  | head. [demonic ancestry]
  1357 | D:2      | Reached XP level 3. HP: 29/29 MP: 3/3
  1371 | D:2      | Reached ** piety under Trog
  1430 | D:2      | Found a basalt altar of Yredelemnul.
  2163 | D:2      | Gained mutation: You regenerate magic rapidly. [demonic
                  | ancestry]
  2163 | D:2      | Reached XP level 4. HP: 37/37 MP: 4/4
  3254 | D:3      | Reached XP level 5. HP: 42/42 MP: 5/5
  3338 | D:3      | Reached *** piety under Trog
  3846 | D:4      | Reached XP level 6. HP: 38/48 MP: 4/6
  4082 | D:4      | Found a radiant altar of Vehumet.
  4343 | D:4      | Reached skill level 3 in Armour
  4344 | D:4      | Noticed Duvessa
  4345 | D:4      | Noticed Dowan
  4354 | D:4      | Killed Duvessa
  4357 | D:4      | Killed Dowan
  4357 | D:4      | Reached XP level 7. HP: 55/55 MP: 5/7
  4704 | D:5      | Entered Level 5 of the Dungeon
  4921 | D:5      | Reached skill level 5 in Fighting
  4921 | D:5      | Reached skill level 5 in Long Blades
  4921 | D:5      | Reached skill level 4 in Armour
  4982 | D:5      | Reached skill level 1 in Stealth
  5210 | D:5      | Reached XP level 8. HP: 62/62 MP: 8/8
  5211 | D:5      | Reached **** piety under Trog
  5617 | D:5      | Reached skill level 5 in Armour
  5896 | D:5      | Upgraded the game from 0.22.1-2-g9c5b331 to
                  | 0.22.1-5-g62c59d9
  6356 | D:6      | Found a staircase to the Ecumenical Temple.
  6393 | D:6      | Found a sparkling altar of Nemelex Xobeh.
  6393 | D:6      | Found an opulent altar of Gozag.
  6434 | D:6      | Found a shattered altar of Ashenzari.
  6451 | D:6      | Found a transporter.
  6531 | D:6      | Found Weder's Food Shop.
  6541 | D:6      | Found a transporter.
  6763 | D:6      | Found a hazy altar of Hepliaklqana.
  6950 | D:6      | Found a white marble altar of Elyvilon.
  7115 | D:6      | Found an ornate altar of the Wu Jian Council.
  7121 | D:6      | Reached skill level 6 in Armour
  7514 | D:7      | Gained mutation: You have a pair of horns on your head.
                  | [demonic ancestry]
  7514 | D:7      | Reached XP level 9. HP: 69/69 MP: 7/9
  7698 | D:7      | Reached skill level 5 in Dodging
  8605 | D:7      | Found a glowing golden altar of the Shining One.
  8998 | D:8      | Found a bloodstained altar of Trog.
  9006 | D:8      | Reached skill level 7 in Armour
  9313 | D:8      | Reached ***** piety under Trog
  9313 | D:8      | Reached skill level 1 in Slings
  9416 | D:8      | Found a hide-covered altar of Uskayaw.
  9682 | D:8      | Found a deep blue altar of Sif Muna.
  9924 | D:8      | Noticed a two-headed ogre
  9931 | D:8      | Killed a two-headed ogre
 10377 | D:9      | Noticed Harold
 10383 | D:9      | Gained mutation: You are partially covered in sharp spines.
                  | [demonic ancestry]
 10383 | D:9      | Reached XP level 10. HP: 79/79 MP: 8/10
 10385 | D:9      | Killed Harold
 10385 | D:9      | Reached skill level 8 in Armour
 10429 | D:9      | Found a glowing silver altar of Zin.
 11033 | D:9      | Reached skill level 1 in Shields
 11162 | D:9      | Found a stormy altar of Qazlal.
 11225 | D:9      | Noticed an elephant
 11226 | D:9      | Found a staircase to the Lair.
 11236 | D:9      | Killed an elephant
 11491 | D:9      | Found a shadowy altar of Dithmenos.
 11639 | D:10     | Entered Level 10 of the Dungeon
 11685 | D:10     | Noticed a two-headed ogre
 11695 | D:10     | Killed a two-headed ogre
 12229 | D:10     | Gained mutation: You are mostly covered in sharp spines.
                  | [demonic ancestry]
 12229 | D:10     | Reached XP level 11. HP: 53/86 MP: 8/11
 12384 | D:10     | Found Vuitig's Magic Scroll Boutique.
 12990 | D:10     | Found the +2 cloak of the Thief {+Fog Slay-2 SInv Stlth+}
 13125 | D:11     | Reached skill level 9 in Armour
 13308 | D:11     | Noticed a brown ugly thing
 13320 | D:11     | Killed a brown ugly thing
 13535 | D:11     | Noticed Maurice
 13545 | D:11     | Killed Maurice
 13685 | D:11     | Found Peggequi's Assorted Antiques.
 13693 | D:11     | Bought a pitted mace for 216 gold pieces
 13693 | D:11     | Identified the cursed +1 mace of the Fray {crush, rC+} (You
                  | bought it in a shop on level 11 of the Dungeon)
 13946 | D:11     | Found Wejianga's Magic Scroll Shoppe.
 14148 | D:11     | Found Qeesmez's Magic Scroll Shop.
 14213 | D:11     | Reached skill level 5 in Shields
 14585 | D:11     | Reached skill level 1 in Maces & Flails
 14739 | D:11     | Received a gift from Trog
 14783 | D:11     | Noticed a cyan ugly thing
 14784 | D:11     | Noticed a wizard
 14794 | D:11     | Killed a cyan ugly thing
 14798 | D:11     | Killed a wizard
 15191 | D:12     | Noticed Josephine
 15201 | D:12     | Killed Josephine
 15201 | D:12     | Gained mutation: You have a pair of large horns on your
                  | head. [demonic ancestry]
 15201 | D:12     | Reached XP level 12. HP: 94/94 MP: 10/12
 15267 | D:12     | Got a dazzling short sword
 15278 | D:12     | Identified the +3 short sword "Ojon" {pierce, Str-3 Int+5}
                  | (You found it on level 12 of the Dungeon)
 15403 | D:12     | Noticed Kirke
 15420 | D:12     | Killed Kirke
 15483 | D:12     | Reached skill level 5 in Slings
 15608 | D:12     | Found a staircase to the Orcish Mines.
 15809 | D:12     | Reached skill level 1 in Short Blades
 16087 | D:12     | Got a dazzling hand crossbow
 16088 | D:12     | Identified the cursed +2 hand crossbow of the Butterfly
                  | {velocity, rC+ Str+3 Int+2} (You found it on level 12 of
                  | the Dungeon)
 16172 | D:13     | Noticed a two-headed ogre
 16178 | D:13     | Noticed a death knight
 16178 | D:13     | Killed a two-headed ogre
 16205 | D:13     | Received a gift from Trog
 16317 | D:13     | Killed a death knight
 16317 | D:13     | Reached skill level 10 in Armour
 16744 | D:13     | Noticed a seven-headed hydra
 16766 | D:13     | Killed a seven-headed hydra
 17050 | D:13     | Noticed a rakshasa
 17051 | D:13     | Noticed Urug
 17059 | D:13     | Killed a rakshasa
 17059 | D:13     | Killed Urug
 17170 | Orc:1    | Entered Level 1 of the Orcish Mines
 17170 | Orc:1    | Noticed Erica
 17182 | Orc:1    | Killed Erica
 17182 | Orc:1    | Reached XP level 13. HP: 101/101 MP: 11/13
 17266 | Orc:2    | Entered Level 2 of the Orcish Mines
 17286 | Orc:2    | Found Hufyfani's Antique Armour Shop.
 17438 | Orc:1    | Received a gift from Trog
 17479 | Orc:1    | Found a flagged portal.
 17488 | Bailey   | Entered a bailey
 17790 | Bailey   | Received a gift from Trog
 17799 | Bailey   | Got a pitted demon blade {god gift}
 17815 | Bailey   | Identified the +5 demon blade of Tale {venom, +Blink Dex+2}
                  | (Trog gifted it to you in a bailey)
 18547 | Orc:2    | Found Hiyrauq's Antique Weapon Shoppe.
 18653 | Orc:2    | Noticed an orc warlord
 18663 | Orc:2    | Killed an orc warlord
 18673 | Orc:2    | Found a staircase to the Elven Halls.
 18909 | Orc:2    | Found Saux's Jewellery Emporium.
 18996 | Orc:2    | Found Dalutuc's Book Boutique.
 19006 | Orc:2    | Noticed Sonja
 19190 | Orc:2    | Found Zugh's General Store.
 19610 | Orc:2    | Cast into level 2 of the Abyss (Sonja)
 19651 | Abyss:2  | Noticed a tentacled starspawn
 19667 | Abyss:2  | Noticed a tentacled starspawn
 19668 | Abyss:2  | Killed a tentacled starspawn
 19668 | Abyss:2  | Reached skill level 10 in Fighting
 19677 | Abyss:2  | Killed a tentacled starspawn
 19803 | Abyss:2  | Reached skill level 11 in Armour
 19872 | Abyss:2  | Noticed a tentacled starspawn
 19879 | Abyss:2  | Reached XP level 14. HP: 98/110 MP: 11/14
 19884 | Abyss:2  | Noticed a lich
 20127 | Abyss:2  | Noticed a starcursed mass
 20145 | Abyss:2  | Received a gift from Trog
 20179 | Abyss:2  | HP: 2/77 [large abomination (20)]
 20182 | Abyss:2  | Killed from afar by a wretched star

Skill      XL: |  1  2  3  4  5  6  7  8  9 10 11 12 13 14 |
---------------+-------------------------------------------+-----
Dodging        | 2 3 4 5 6 7 8 |  8.9
Long Blades    | 3 4 5 6 7 8 9 |  9.7
Armour         | 2 3 4 6 7 8 9 10 11 | 11.0
Fighting       | 4 5 6 7 8 9 10 | 10.3
Stealth        | 1 2 |  2.5
Slings         | 1 3 4 5 6 7 |  7.0
Shields        | 3 5 7 9 |  9.4
Maces & Flails | 2 3 |  3.1
Short Blades   | 3 |  3.5
Unarmed Combat | |  0.5

Action                   |  1- 3 |  4- 6 |  7- 9 | 10-12 | 13-15 || total
-------------------------+-------+-------+-------+-------+-------++-------
Melee: Falchion          |   111 |   202 |   309 |   328 |       ||   950
       Headbutt          |     7 |    40 |    81 |   198 |   120 ||   446
       Mace              |       |       |       |   181 |       ||   181
       Short sword       |       |       |       |   218 |       ||   218
       Unarmed           |       |       |       |    10 |       ||    10
       Scimitar          |       |       |       |     7 |   119 ||   126
       Demon blade       |       |       |       |       |   278 ||   278
Invok: Berserk           |     3 |     3 |    16 |    21 |    11 ||    54
       Brothers in Arms  |       |       |       |     6 |     5 ||    11
  Use: Potion            |       |       |     1 |       |       ||     1
       Scroll            |       |       |       |    27 |    12 ||    39
 Stab: Distracted        |     1 |       |       |       |       ||     1
  Eat: Chunk             |     6 |    10 |    21 |    24 |     5 ||    66
       Ration            |       |       |     4 |     6 |     6 ||    16
Armor: Animal skin       |    28 |     7 |       |       |       ||    35
       Scale mail        |       |    64 |   107 |   161 |       ||   332
       Ring mail         |       |       |    28 |       |       ||    28
       Plate armour      |       |       |       |   223 |   122 ||   345
Dodge: Dodged            |    99 |   139 |   215 |   190 |    57 ||   700
Block: Large shield      |       |       |       |   550 |   321 ||   871
       Rpst.: Falchion   |    35 |    40 |    65 |    22 |       ||   162
       Demon blade       |       |       |       |       |    10 ||    10
       Scimitar          |       |       |       |       |     4 ||     4
